AoeStats
← ertk

Black Forest

510107314Analyzed
4v4 RM · 2d ago on Sep 29, 2026· 37m 58s· 8 players
Game mode
Random Map
Map size
Large (8 player)
Population
200
Speed
Normal
Resources
Standard
Victory
Conquest
Starting age
Dark Age
Ending age
Imperial Age
RankedLock teamsTeams togetherTeam positionsShared explorationLock speedFull tech treeHidden civsTurbo modeCheats
Victory
Defeat
🇨🇱 Cumans · Chile
1157
+14
🇧🇷 Khmer · Brazil
1108
+16
🇨🇳 Persians · China
1075
+17
🇨🇳 Jurchens · China
1042
+18
🇺🇸 Danes · United States
1132
-17
🇹🇷 Turks · Türkiye
1120
-17
🇩🇪 Danes · Germany
1096
-16
🇬🇪 Italians · Georgia
1060
-15
dambo
0:35 Loom
12:18 Feudal Age
13:06 Town Watch
13:10 Double-Bit Axe
13:19 Stone Mining
14:20 Wheelbarrow
13:44 Horse Collar
21:13 Castle Age
21:14 Gold Mining
21:16 Fletching
22:07 Bodkin Arrow
22:59 Bow Saw
23:09 Heavy Plow
24:50 Stone Shaft Mining
28:07 Fervor
27:45 Treadmill Crane
28:29 Ballistics
32:15 Imperial Age
30:10 Padded Archer Armor
30:50 Hand Cart
32:42 Leather Archer Armor
32:39 Forging
32:35 Scale Barding Armor
32:43 Masonry
33:53 Conscription
33:15 Pikeman
33:56 Squires
34:37 Crop Rotation
35:11 Two-Man Saw
35:12 Chemistry
35:28 Bracer
35:59 Ring Archer Armor
36:52 Architecture
36:04 Elite Genoese Crossbowman
36:12 Light Cavalry
38:10 Iron Casting
38:10 Murder Holes
38:00 Arrowslits
Acadia744
5:45 Loom
11:40 Feudal Age
13:16 Horse Collar
15:57 Castle Age
20:11 Gambesons
20:27 Squires
21:32 Forging
21:38 Arson
25:05 Heavy Plow
25:58 Double-Bit Axe
26:30 Town Watch
28:28 Wheelbarrow
28:23 Fletching
35:47 Imperial Age
33:12 Gold Mining
33:46 Ballistics
35:05 Masonry
35:46 Pikeman
36:53 Bodkin Arrow
38:03 Chemistry
37:41 Bracer
ertk
0:30 Loom
10:35 Feudal Age
14:45 Castle Age
13:27 Double-Bit Axe
14:21 Wheelbarrow
13:37 Horse Collar
15:50 Bow Saw
25:32 Bloodlines
31:50 Imperial Age
32:31 Husbandry
Rackl Peter
6:03 Loom
12:41 Feudal Age
23:56 Castle Age
32:38 Pikeman
34:06 Wheelbarrow
Kmaleon
1:18 Loom
12:25 Feudal Age
14:19 Double-Bit Axe
16:50 Castle Age
14:57 Horse Collar
20:02 Bow Saw
23:31 Fletching
29:22 Stone Mining
30:10 Wheelbarrow
29:31 Gold Mining
30:03 Heavy Plow
30:34 Thumb Ring
31:16 Ballistics
31:01 Bodkin Arrow
31:57 Padded Archer Armor
33:55 Gold Shaft Mining
33:51 Bloodlines
34:05 Leather Archer Armor
36:59 Imperial Age
34:41 Bloodlines
35:03 Leather Archer Armor
35:51 Hand Cart
35:22 Town Watch
36:57 Town Patrol
37:07 Capped Ram
38:51 Conscription
2204528
5:36 Loom
10:36 Feudal Age
15:41 Castle Age
15:25 Double-Bit Axe
15:22 Horse Collar
15:34 Gold Mining
15:35 Stone Mining
25:43 Bow Saw
25:37 Heavy Plow
26:18 Gold Shaft Mining
26:24 Stone Shaft Mining
29:58 Wheelbarrow
31:58 Imperial Age
31:01 Scale Barding Armor
31:07 Forging
32:06 Chain Barding Armor
32:23 Hand Cart
33:11 Iron Casting
33:34 Conscription
33:15 Fortified Bastions
32:36 Elite Iron Pagoda
34:45 Plate Barding Armor
tony.li
11:29 Feudal Age
14:09 Castle Age
12:31 Double-Bit Axe
12:30 Horse Collar
15:00 Heavy Plow
20:25 Wheelbarrow
19:40 Loom
19:42 Town Watch
21:46 Gold Mining
25:54 Hand Cart
28:27 Imperial Age
26:46 Gold Shaft Mining
27:07 Town Patrol
27:11 Husbandry
27:21 Bloodlines
27:15 Stone Mining
28:45 Bloodlines
28:52 Forging
28:48 Scale Barding Armor
30:42 Chemistry
30:33 Stone Shaft Mining
31:01 Conscription
30:44 Double Crossbow
32:16 Iron Casting
32:03 Chain Barding Armor
31:33 Fletching
31:23 Elite Battle Elephant
33:41 Bow Saw
35:07 Double Crossbow
34:28 Elite Ballista Elephant
36:25 Blast Furnace
36:00 Plate Barding Armor
35:21 Bodkin Arrow
alex950
5:22 Loom
10:54 Feudal Age
11:45 Man-at-Arms
17:48 Double-Bit Axe
17:57 Fletching
27:55 Castle Age
25:55 Gold Mining
26:34 Bloodlines
26:36 Scale Barding Armor
28:01 Forging
29:02 Chain Barding Armor
Connection lost

Rejoining the realm…

Still unreachable

The connection could not be restored.

Session expired

The server has moved on; the page needs a fresh start.